 Dungeon Crawl Stone Soup version 0.17.0-28-g6e173f8 (webtiles) character file.

3644 gorblad the Nimble (level 9, -1/89 HPs)
             Began as a Troll Monk on Nov 30, 2015.
             Was a High Priest of Okawaru.
             Succumbed to lorenzova's ghost's poison
             ... on level 8 of the Dungeon.
             The game lasted 00:21:45 (7002 turns).

gorblad the Nimble (Troll Monk)                     Turns: 7002, Time: 00:21:45

Health: -1/89      AC:  6    Str: 21    XL:     9   Next: 88%
Magic:  8/8        EV: 14    Int: 10    God:    Okawaru [*****.]
Gold:   219        SH:  0    Dex: 15    Spells: 0 memorised, 8 levels left

rFire  . . .     SeeInvis .       - Unarmed
rCold  . . .     Clarity  .     g - +0 robe
rNeg   + + .     SustAt   .     (no shield)
rPois  .         Gourm    +     (helmet restricted)
rElec  .         Spirit   .     j - +0 cloak "Peat" {rN++ Int+2}
rCorr  .         Warding  .     (gloves unavailable)
rMut   .         Stasis   .     (boots unavailable)
MR     +....                    (no amulet)
Stlth  ++........               o - ring of protection from magic
                                l - +2 ring of intelligence

@: lethally poisoned (-1 -> -12), exhausted, slowed, very slow, somewhat
resistant to hostile enchantments, unstealthy
A: unfitting armour, claws 3, fast metabolism 3, gourmand, regeneration 2,
shaggy fur 1, tough skin 2
a: Heroism, Finesse, Renounce Religion


You were on level 8 of the Dungeon.
You worshipped Okawaru.
Okawaru was extremely pleased with you.
You were very full.

You visited 2 branches of the dungeon, and saw 9 of its levels.

You collected 284 gold pieces.
You spent 65 gold pieces at shops.

Inventory:

Missiles
 t - 63 bolts
Armour
 a - a +0 robe
 g - a +0 robe (worn)
 j - the +0 cloak "Peat" (worn) {rN++ Int+2}
   (You found it on level 7 of the Dungeon)

   It affects your intelligence (+2).
   It greatly protects you from negative energy.
 k - a +0 robe
 s - a +2 cloak of invisibility
Jewellery
 l - a +2 ring of intelligence (left claw)
 o - a ring of protection from magic (right claw)
Wands
 u - a wand of fire (6)
 D - a wand of fire (3)
Scrolls
 e - a scroll of amnesia
 i - a scroll of remove curse
 m - a scroll of identify
Potions
 h - a potion of haste {unknown}
 q - a potion of agility
Books
 B - a Grand Grimoire

   Spells                             Type                      Level
   a - Monstrous Menagerie            Summoning                    6
   b - Summon Greater Demon           Summoning                    7
   c - Malign Gateway                 Summoning/Translocation      7
   d - Summon Horrible Things         Summoning                    8
 C - a book of Changes

   Spells                             Type                      Level
   a - Beastly Appendage              Transmutation                1
   b - Sticks to Snakes               Transmutation                2
   c - Spider Form                    Transmutation/Poison         3
   d - Ice Form                       Ice/Transmutation            4
   e - Blade Hands                    Transmutation                5
Comestibles
 b - 4 bread rations
 c - 2 meat rations
 d - a royal jelly
 w - 2 beef jerkies


   Skills:
 - Level 6.1 Fighting
 - Level 8.0 Dodging
 + Level 4.3 Stealth
 - Level 7.3 Unarmed Combat


You had 8 spell levels left.
You didn't know any spells.

Dungeon Overview and Level Annotations

Branches:
Dungeon (8/15)             Temple (1/1) D:4
   Lair: D:8-11

Altars:
Ashenzari
Cheibriados
Dithmenos
Elyvilon
Fedhas
Gozag
Kikubaaqudgha
Makhleb
Nemelex Xobeh
Okawaru
Qazlal
Ru
Sif Muna
Trog
Vehumet
Xom
Yredelemnul
Zin
The Shining One

Shops:
D:5 [   D:7 !

Annotations:
D:8 Erica; lorenzova's ghost, journeyman DECj


Innate Abilities, Weirdness & Mutations

You are too large for most types of armour.
You have claws for hands.
Your metabolism is lightning-fast.
You like to eat raw meat.
You heal very quickly.
You are covered in fur (AC +1).
You have very tough skin (AC +2).


Message History

* * * LOW HITPOINT WARNING * * *
You feel sick. Lorenzova's ghost misses you.
You closely miss lorenzova's ghost.
Lorenzova's ghost is heavily damaged.
* * * LOW HITPOINT WARNING * * *
You feel sick.
You miss lorenzova's ghost.
Lorenzova's ghost is heavily damaged.
* * * LOW HITPOINT WARNING * * *
You feel sick.
Lorenzova's ghost mumbles some strange words.
Lorenzova's ghost conjures a globe of magical energy!
You claw lorenzova's ghost!
Lorenzova's ghost is heavily damaged.
You are no longer berserk.
You are exhausted.
You feel yourself slow down.
* * * LOW HITPOINT WARNING * * *
You feel sick.
You die...

#.##...# #......#
####.).# #...#
#...# .
.#####...#######.#
..................
.)......*.........
........W.@.......
######...######...
#...# #...# #...#
#...# #?... #...#
#..##


You could see lorenzova's ghost.

Vanquished Creatures
  The ghost of Uberwunderbarhen the Ducker, a novice OpFi (D:5)
  Joseph (D:8)
  Sigmund (D:6)
  The ghost of gorblad the Skirmisher, an amateur DrMo of Okawaru (D:4)
  A hippogriff (D:8)
  3 orc warriors
  An ice beast (D:5)
  2 phantoms
  4 ogres
  A necrophage (D:6)
  A giant frog (D:7)
  A water moccasin zombie (D:5)
  A scorpion (D:6)
  4 wights (D:6)
  A crimson imp (D:5)
  A centaur zombie (D:5)
  A giant frog zombie (D:6)
  Crazy Yiuf (D:3)
  A centaur skeleton (D:5)
  A hound (D:4)
  2 jellies (D:6)
  8 orc wizards
  3 giant frog skeletons
  2 iguanas
  Terence (D:2)
  4 orc priests
  7 worker ants
  A killer bee zombie (D:7)
  2 hound zombies
  A hound skeleton (D:7)
  Robin (D:3)
  10 adders
  2 shadow imps
  2 adder zombies
  2 oozes
  A worm (D:4)
  3 giant geckos
  26 orcs
  4 ball pythons
  2 bats
  4 giant cockroaches
  16 goblins
  11 hobgoblins
  15 jackals
  11 kobolds
  A giant gecko zombie (D:4)
  2 giant newts
  3 quokkas
  2 quokka skeletons
  6 rats
184 creatures vanquished.

Vanquished Creatures (others)
  2 bushes (D:8)
2 creatures vanquished.

Grand Total: 186 creatures vanquished

Notes
Turn   | Place    | Note
--------------------------------------------------------------
     0 | D:1      | gorblad the Troll Monk began the quest for the Orb.
     0 | D:1      | Reached XP level 1. HP: 22/22 MP: 0/0
   188 | D:1      | Reached XP level 2. HP: 29/29 MP: 1/1
   460 | D:1      | Reached XP level 3. HP: 33/37 MP: 2/2
   815 | D:2      | Noticed Terence
   824 | D:2      | Killed Terence
   824 | D:2      | Reached XP level 4. HP: 30/48 MP: 3/3
  1785 | D:3      | Reached XP level 5. HP: 55/55 MP: 4/4
  2109 | D:3      | Noticed an ogre
  2114 | D:3      | Killed an ogre
  2114 | D:3      | Reached skill level 5 in Fighting
  2185 | D:3      | Reached XP level 6. HP: 52/66 MP: 5/5
  2260 | D:3      | Noticed Robin
  2291 | D:3      | Killed Robin
  2477 | D:3      | Noticed Crazy Yiuf
  2485 | D:3      | Killed Crazy Yiuf
  2782 | D:4      | Reached skill level 6 in Fighting
  2823 | D:4      | Noticed gorblad's ghost (amateur DrMo)
  2833 | D:4      | Killed gorblad's ghost
  2833 | D:4      | Reached skill level 5 in Unarmed Combat
  2833 | D:4      | Reached XP level 7. HP: 51/75 MP: 6/6
  3208 | D:4      | Found a staircase to the Ecumenical Temple.
  3243 | Temple   | Entered the Ecumenical Temple
  3509 | Temple   | Became a worshipper of Warmaster Okawaru
  3509 | Temple   | Reached * piety under Okawaru
  3509 | Temple   | Reached ** piety under Okawaru
  3663 | D:4      | Found a burning altar of Makhleb.
  3849 | D:5      | Entered Level 5 of the Dungeon
  3997 | D:5      | Reached skill level 7 in Unarmed Combat
  4039 | D:5      | Found a sacrificial altar of Ru.
  4039 | D:5      | Found a stormy altar of Qazlal.
  4040 | D:5      | Noticed Uberwunderbarhen's ghost (novice OpFi)
  4049 | D:5      | Killed Uberwunderbarhen's ghost
  4049 | D:5      | Reached *** piety under Okawaru
  4049 | D:5      | Reached XP level 8. HP: 77/83 MP: 7/7
  4243 | D:5      | Reached skill level 5 in Dodging
  4636 | D:5      | Found Tuyl Lachu's Armour Emporium.
  4744 | D:6      | Noticed Sigmund
  4753 | D:6      | Killed Sigmund
  4861 | D:6      | Reached XP level 9. HP: 78/89 MP: 8/8
  4921 | D:6      | Reached **** piety under Okawaru
  5310 | D:6      | Reached skill level 8 in Dodging
  5352 | D:6      | Found a white marble altar of Elyvilon.
  6111 | D:7      | Got an encrusted cloak
  6122 | D:7      | Identified the cursed +0 cloak "Peat" {rN++ Int+2} (You found it on level 7 of the Dungeon)
  6137 | D:7      | Found a shattered altar of Ashenzari.
  6542 | D:7      | Found Atumn's Distillery.
  6562 | D:7      | Bought a potion of berserk rage for 65 gold pieces
  6715 | D:7      | Found a glowing silver altar of Zin.
  6715 | D:7      | Found a sparkling altar of Nemelex Xobeh.
  6934 | D:8      | Found a blossoming altar of Fedhas.
  6934 | D:8      | Noticed Erica
  6953 | D:8      | Noticed Joseph
  6960 | D:8      | Noticed lorenzova's ghost (journeyman DECj)
  6965 | D:8      | Killed Joseph
  6991 | D:8      | Reached ***** piety under Okawaru
  6996 | D:8      | HP: 6/133 [poisoned by lorenzova's ghost]
  7000 | D:8      | HP: 2/133 [poisoned by lorenzova's ghost]
  7002 | D:8      | Succumbed to lorenzova's ghost's poison

Action                   |  1- 3 |  4- 6 |  7- 9 || total
-------------------------+-------+-------+-------++-------
Melee: Unarmed           |    85 |   147 |   329 ||   561
  Use: Scroll            |       |       |    11 ||    11
       Potion            |       |       |    12 ||    12
 Stab: Sleeping          |     2 |     2 |     3 ||     7
       Distracted        |       |       |     1 ||     1
  Eat: Chunk             |    12 |    19 |    37 ||    68
